 Dungeon Crawl Stone Soup version 0.22-a0-253-gf9d0ce5 (webtiles) character file.

119722 wazuzu the Eclecticist (level 16, -4/93 HPs)
             Began as a Deep Elf Earth Elementalist on Mar 2, 2018.
             Was the Champion of Kikubaaqudgha.
             Slain by a dire flail of protection (22 damage)
             ... on level 2 of the Elven Halls on Mar 3, 2018.
             The game lasted 03:01:36 (35007 turns).

wazuzu the Eclecticist (DEEE)                      Turns: 35007, Time: 03:01:37

Health: -4/93      AC: 14    Str:  9    XL:     16   Next: 28%
Magic:  4/48       EV: 23    Int: 39    God:    Kikubaaqudgha [******]
Gold:   2339       SH:  0    Dex: 21    Spells: 13/47 levels left

rFire    . . .     SeeInvis .   x - +5 quarterstaff of Eternal Vigilance {holy, rC+ MR+ Int+4 Dex+3}
rCold    + . .     Gourm    .   (shield currently unavailable)
rNeg     . . .     Faith    .   u - +2 robe {MR+}
rPois    +         Spirit   .   K - +3 hat of Pondering {ponderous, MR+ MP+10 Int+5}
rElec    +         Reflect  .   E - +0 cloak
rCorr    .         Harm     .   h - +2 pair of gloves
MR       +++++                  H - +2 pair of boots {Stlth+}
Stlth    ++++......             N - amulet "Hayp" {Acrobat rElec}
HPRegen  0.25/turn              w - ring "Afa Eqy" {MR+ Str+3 Int+3 Dex+3}
MPRegen  0.31/turn              y - ring of poison resistance

@: slow
A: no striking features
a: Receive Corpses, Torment, Renounce Religion


You were on level 2 of the Elven Halls.
You worshipped Kikubaaqudgha.
Kikubaaqudgha was exalted by your worship.
You were not hungry.

You visited 5 branches of the dungeon, and saw 26 of its levels.
You also visited: Ice Cave.

You collected 2451 gold pieces.
You spent 112 gold pieces at shops.

Inventory:

Hand Weapons
 q - the +5 whip of Plague {venom, rPois Int+5}
   (You found it on level 4 of the Dungeon)

   It poisons the flesh of those it strikes.
   It affects your intelligence (+5).
   It protects you from poison.
 x - the +5 quarterstaff of Eternal Vigilance (weapon) {holy, rC+ MR+ Int+4 Dex+3}
   (You found it on level 5 of the Lair of Beasts)

   It has been blessed by the Shining One to cause great damage to the undead
   and demons.
   It affects your intelligence (+4).
   It affects your dexterity (+3).
   It protects you from cold.
   It affects your resistance to hostile enchantments.
Armour
 h - a +2 pair of gloves (worn)
 u - a +2 robe of magic resistance (worn)
 E - a +0 cloak (worn)
 H - a +2 pair of boots of stealth (worn)
 J - a +0 hat of see invisible
 K - the +3 hat of Pondering (worn) {ponderous, MR+ MP+10 Int+5}
   (You took it off Gastronok on level 2 of the Lair of Beasts)

   It affects your intelligence (+5).
   It affects your resistance to hostile enchantments.
   It affects your magic capacity (+10).
 L - a +2 troll leather armour {Snorg}
Jewellery
 w - the ring "Afa Eqy" (left hand) {MR+ Str+3 Int+3 Dex+3}
   (You acquired it on level 14 of the Dungeon)

   [ring of dexterity]

   It affects your strength (+3).
   It affects your intelligence (+3).
   It affects your dexterity (+3).
   It affects your resistance to hostile enchantments.
 y - a ring of poison resistance (right hand)
 N - the amulet "Hayp" (around neck) {Acrobat rElec}
   (You found it on level 3 of the Lair of Beasts)

   [amulet of the acrobat]

   It helps you evade while moving and waiting.
   It insulates you from electricity.
Wands
 c - a wand of iceblast (17)
 k - a wand of flame (99)
 n - a wand of disintegration (20)
 s - a wand of paralysis (22)
 v - a wand of digging (24)
 G - a wand of polymorph (18)
Scrolls
 a - 10 scrolls of remove curse
 g - 2 scrolls of amnesia
 i - a scroll of teleportation
 j - 5 scrolls of magic mapping
 m - 8 scrolls of fog
 p - 6 scrolls of enchant armour
 r - 3 scrolls of identify
 t - a scroll of blinking
 I - a scroll of fear
Potions
 b - 2 potions of brilliance
 e - 2 potions of resistance
 f - 15 potions of curing
 l - 2 potions of lignification
 z - 2 potions of berserk rage
 B - 3 potions of flight
 C - 2 potions of cancellation
 D - 2 potions of mutation
 M - 2 potions of might
 P - a potion of invisibility
Miscellaneous
 F - a phantom mirror
Comestibles
 d - 12 rations
 O - a chunk of flesh


   Skills:
 - Level 8.0 Fighting
 - Level 3.0 Armour
 - Level 12.0 Dodging
 - Level 2.6 Stealth
   Level 4.0 Shields
 - Level 16.0 Spellcasting
 - Level 10.1 Conjurations
 - Level 8.0 Charms
 - Level 10.0 Summonings
 + Level 12.3 Necromancy
   Level 1.1 Transmutations
 - Level 10.0 Ice Magic
 - Level 8.0 Air Magic
 - Level 10.0 Earth Magic


You had 13 spell levels left.
You knew the following spells:

 Your Spells              Type           Power        Failure   Level  Hunger
a - Freezing Cloud        Conj/Ice/Air   #######...   3%          6    None
b - Borgnjor's Vile Clut  Necr/Erth      #######...   1%          5    None
c - Lee's Rapid Deconstr  Erth           #######...   1%          5    None
d - Simulacrum            Ice/Necr       #######...   1%          6    None
g - Haunt                 Necr/Summ      #######...   9%          7    ###....
r - Regeneration          Chrm/Necr      #######...   1%          3    None
s - Sublimation of Blood  Necr           #######...   0%          2    None


Dungeon Overview and Level Annotations

Branches:
Dungeon (15/15)            Temple (1/1) D:7            Lair (6/6) D:8
  Swamp (0/4) Lair:3        Snake (0/4) Lair:2        Slime (0/5) Lair:5
    Orc (2/2) D:11            Elf (2/3) Orc:2        Vaults (0/5) D:14
 Depths (0/5) D:15

Altars:
Ashenzari
Fedhas
Gozag
Hepliaklqana
Kikubaaqudgha
Makhleb
Nemelex Xobeh
Okawaru
Qazlal
Ru
Sif Muna
Trog
Vehumet
Xom
Yredelemnul
Zin
The Shining One
Jiyva

Shops:
D:5 *   D:9 (   D:15 (   Orc:1 %   Orc:2 *(*%(   Elf:2 }

Portals:
Hell: Lair:6


Message History

The bolt of cold hits the dire flail of protection.
The dire flail of protection resists.
Really walk into that cloud of freezing vapour?
You are engulfed in freezing vapours.
You resist.
* * * LOW HITPOINT WARNING * * *
The dire flail of protection is engulfed in freezing vapours.
The dire flail of protection completely misses you.
Something misses you.
You are engulfed in freezing vapours.
You resist.
* * * LOW HITPOINT WARNING * * *
The dire flail of protection completely misses you. x2
The deep elf mage casts a spell at you.
The bolt of cold hits something.
Reactivating autopickup.
You feel a bit more experienced. The bolt of cold misses you.
There is a stone staircase leading up here.
The dire flail of protection is engulfed in freezing vapours.
The dire flail of protection hits you!!
You die...
Kikubaaqudgha rasps: "You have failed me!
Welcome... death!"

...# ..... ...# .... #.
.e.# ... #.# ...# ..###
#.#. ... .e. ..#.. e)#
######§##§#§§. .<#
###(§..§))§§§§#
.#........e....§§(§)§###
( #..(...#.##..)@§.### .
#....# #.§.§### . #..#.
###### . #..# . ... . #.


You could see a deep elf archer, a deep elf mage and 2 dancing weapons.

Vanquished Creatures
  Gastronok (Lair:2)
  Donald (Orc:2)
  A deep elf demonologist (Elf:1)
  A deep elf annihilator (Elf:1)
  Azrael (Orc:2)
  A dire elephant (Lair:5)
  Josephine (Lair:5)
  Snorg (Orc:2)
  9 hydras
  4 vault guards
  A death knight (D:14)
  5 centaur warriors
  9 two-headed ogres
  4 dancing weapons (Elf:1)
  An orc high priest (Orc:2)
  2 ogre magi
  A tengu warrior (D:13)
  7 death yaks
  8 deep elf knights
  An unseen horror (D:14)
  4 wizards
  3 deep elf archers
  33 deep elf magi
  2 orc sorcerers
  3 orc knights
  9 cyclopes
  A wolf spider zombie (D:15)
  A moth of wrath (D:6)
  2 manticores
  10 ugly things
  An elephant (Lair:2)
  6 black mambas
  4 centaur skeletons
  A smoke demon (Lair:6)
  A naga mage (D:15)
  2 ice statues (IceCv)
  2 torpor snails (Lair:5)
  An orange demon (Lair:6)
  11 spiny frogs
  Psyche (D:8)
  5 rime drakes
  2 kobold demonologists (D:13)
  8 komodo dragons
  2 red devils (Lair:6)
  12 ice devils
  A freezing wraith (D:15)
  3 meliai (D:15)
  9 trolls
  A hornet (D:13)
  A merfolk (shapeshifter) (D:15)
  4 dream sheep (Lair:6)
  9 hippogriffs
  A meliai zombie (D:14)
  11 blink frogs
  A spriggan (D:8)
  A vampire (D:13)
  27 yaks
  2 wyverns
  2 shadows
  2 air elementals (Elf:2)
  6 wraiths
  4 basilisks
  6 fire elementals
  2 water elementals
  2 hungry ghosts
  2 vampire mosquitoes (D:14)
  A warg (Orc:2)
  A soldier ant (shapeshifter) (Elf:1)
  6 swamp worms (Lair:3)
  Duvessa (D:4)
  21 water moccasins
  5 porcupines
  7 hell hounds
  29 orc warriors
  2 phantoms
  3 ice beasts
  4 sky beasts
  2 black bears
  A black bear (shapeshifter) (D:15)
  A necrophage (D:10)
  9 ogres
  10 boggarts
  4 wolves (Lair:4)
  33 centaurs
  8 crocodiles
  The ghost of Amnesiac the Ducker, an amateur SpFi (D:3)
  14 bullfrogs
  An earth elemental (Elf:1)
  Dowan (D:4)
  3 scorpions
  A wyvern skeleton (D:6)
  5 killer bees
  6 wights
  2 vampire bats (Orc:2)
  3 electric eels
  4 howler monkeys
  6 centaur zombies
  6 crimson imps
  A quasit (D:8)
  2 jellies
  A bullfrog zombie (D:6)
  5 hounds
  17 orc priests
  3 bullfrog skeletons
  A gnoll shaman (D:7)
  Ijyb (D:5)
  4 iguanas
  13 orc wizards
  A hell rat (D:8)
  Natasha (thrice) (D:4)
  5 worker ants
  3 hound skeletons (D:6)
  4 worker ant zombies
  Robin (D:4)
  7 gnolls
  2 howler monkey zombies
  21 adders
  A river rat (D:8)
  5 shadow imps
  6 white imps (IceCv)
  6 ufetubi (IceCv)
  2 oozes
  An adder skeleton (D:6)
  3 adder zombies
  5 worms
  A dart slug (D:4)
  5 leopard geckos
  69 orcs
  2 ball pythons
  12 bats
  5 giant cockroaches
  17 goblins
  8 hobgoblins
  22 jackals
  6 quokkas
  4 frilled lizards
  A giant cockroach zombie (D:6)
  12 kobolds
  A leopard gecko skeleton (D:5)
  A leopard gecko zombie (D:6)
  A quokka skeleton (D:4)
  A quokka zombie (D:6)
  9 rats
  2 fungi
  3 plants
791 creatures vanquished.

Vanquished Creatures (collateral kills)
  A dire elephant (Lair:6)
  A sixfirhy (Lair:6)
  An orc sorcerer (Orc:1)
  An orc warrior (Orc:2)
  A vampire bat (Orc:2)
  An orc wizard (Orc:2)
  An orc (Orc:2)
7 creatures vanquished.

Vanquished Creatures (others)
  A deep elf knight (Elf:2)
  A deep elf mage (Elf:2)
  A centaur (D:13)
  2 white imps (IceCv)
  5 ufetubi (IceCv)
  2 orcs (D:12)
  8 fungi
  2 plants
22 creatures vanquished.

Grand Total: 820 creatures vanquished

Notes
Turn   | Place    | Note
-------+----------+-------------------------------------------
     0 | D:1      | wazuzu the Deep Elf Earth Elementalist began the quest for the Orb.
     0 | D:1      | Reached XP level 1. HP: 10/10 MP: 6/6
   501 | D:1      | Reached XP level 2. HP: 15/15 MP: 6/8
   641 | D:1      | You fall through a shaft!
   662 | D:2      | Found a radiant altar of Vehumet.
   662 | D:2      | Found a hazy altar of Hepliaklqana.
   909 | D:2      | Reached XP level 3. HP: 19/19 MP: 10/10
  1145 | D:2      | Found a sacrificial altar of Ru.
  1644 | D:3      | Reached skill level 4 in Spellcasting
  1784 | D:3      | Reached XP level 4. HP: 20/24 MP: 12/12
  1823 | D:3      | Learned a level 3 spell: Stone Arrow
  2149 | D:3      | Reached skill level 1 in Conjurations
  2563 | D:3      | Reached skill level 5 in Earth Magic
  2563 | D:3      | Reached XP level 5. HP: 9/28 MP: 7/13
  2830 | D:3      | Noticed Amnesiac's ghost (amateur SpFi)
  2879 | D:3      | Killed Amnesiac's ghost
  3008 | D:3      | Reached skill level 5 in Spellcasting
  3234 | D:3      | Reached XP level 6. HP: 32/32 MP: 15/15
  3630 | D:4      | Noticed Natasha
  3634 | D:4      | Killed Natasha
  3791 | D:4      | Upgraded the game from 0.22-a0-252-gcace5d2 to 0.22-a0-253-gf9d0ce5
  4010 | D:4      | Noticed Duvessa
  4014 | D:4      | Noticed Dowan
  4039 | D:4      | Killed Duvessa
  4195 | D:4      | Noticed Robin
  4223 | D:4      | Killed Robin
  4518 | D:4      | Killed Dowan
  4518 | D:4      | Reached XP level 7. HP: 33/36 MP: 14/17
  4532 | D:4      | Learned a level 5 spell: Lee's Rapid Deconstruction
  4606 | D:4      | Noticed Natasha
  4610 | D:4      | Killed Natasha
  4610 | D:4      | Reached skill level 5 in Conjurations
  4678 | D:4      | Got a jewelled whip
  4683 | D:4      | Identified the +5 whip of Plague {venom, rPois Int+5} (You found it on level 4 of the Dungeon)
  4726 | D:4      | Reached skill level 6 in Spellcasting
  5065 | D:4      | Noticed Natasha
  5079 | D:4      | Killed Natasha
  5449 | D:5      | Entered Level 5 of the Dungeon
  5578 | D:5      | Found Tenuf's Tempting Trifles.
  5665 | D:5      | Noticed Ijyb
  5669 | D:5      | Reached XP level 8. HP: 32/41 MP: 3/20
  5771 | D:5      | Paralysed by Ijyb for 5 turns
  5779 | D:5      | Killed Ijyb
  5886 | D:5      | Reached skill level 7 in Spellcasting
  7282 | D:6      | Reached skill level 8 in Spellcasting
  7643 | D:6      | Found a shattered altar of Ashenzari.
  7826 | D:6      | Noticed a moth of wrath
  7829 | D:6      | Killed a moth of wrath
  7829 | D:6      | Reached skill level 9 in Spellcasting
  7829 | D:6      | Reached XP level 9. HP: 45/45 MP: 7/24
  7965 | D:6      | Found a bloodstained altar of Trog.
  7981 | D:6      | Got an ancient short sword
  7982 | D:6      | Identified the +2 short sword of Wariness {flame, rPois} (You found it on level 6 of the Dungeon)
  8018 | D:6      | Found a deep blue altar of Sif Muna.
  8018 | D:6      | Found a burning altar of Makhleb.
  8024 | D:6      | Found a basalt altar of Yredelemnul.
  8026 | D:6      | Found a sacrificial altar of Ru.
  8027 | D:6      | Found a shattered altar of Ashenzari.
  8800 | D:7      | Found a staircase to the Ecumenical Temple.
  8812 | Temple   | Entered the Ecumenical Temple
  8834 | Temple   | Became a worshipper of Kikubaaqudgha
  9151 | D:8      | Noticed a death yak
  9309 | D:6      | Killed a death yak
  9309 | D:6      | Reached skill level 1 in Armour
  9309 | D:6      | Reached skill level 10 in Spellcasting
  9439 | D:8      | Noticed a troll
  9446 | D:8      | Killed a troll
  9459 | D:8      | Reached XP level 10. HP: 47/50 MP: 7/26
  9505 | D:8      | Noticed a death yak
  9507 | D:8      | Noticed a death yak
  9641 | D:8      | Noticed Psyche
  9642 | D:8      | Killed Psyche
  9643 | D:8      | Found a radiant altar of Vehumet.
 10167 | D:8      | Reached * piety under Kikubaaqudgha
 10167 | D:8      | Identified Kikubaaqudgha's Collected Works on Sinister Secrets (Kikubaaqudgha gifted it to you on level 8 of the Dungeon)
 10167 | D:8      | Received a gift from Kikubaaqudgha
 10238 | D:8      | Reached skill level 11 in Spellcasting
 10301 | D:8      | Reached skill level 10 in Earth Magic
 10305 | D:8      | Learned a level 2 spell: Sublimation of Blood
 10309 | D:8      | Learned a level 3 spell: Regeneration
 10440 | D:8      | Found a staircase to the Lair.
 10528 | D:8      | Killed a death yak
 10528 | D:8      | Reached skill level 10 in Conjurations
 11033 | D:9      | Noticed a two-headed ogre
 11034 | D:9      | Killed a two-headed ogre
 11304 | D:9      | Found Neushaz's Antique Weapon Shop.
 11331 | D:9      | Noticed a two-headed ogre
 11334 | D:9      | Killed a two-headed ogre
 11334 | D:9      | Reached skill level 12 in Spellcasting
 11615 | D:9      | Reached XP level 11. HP: 54/54 MP: 13/29
 11931 | D:10     | Entered Level 10 of the Dungeon
 12114 | D:10     | Reached skill level 5 in Necromancy
 12140 | D:10     | Reached skill level 5 in Charms
 12496 | D:10     | Reached ** piety under Kikubaaqudgha
 12770 | D:10     | Found a shattered altar of Ashenzari.
 12916 | D:10     | Noticed a two-headed ogre
 12919 | D:10     | Killed a two-headed ogre
 12919 | D:10     | Reached skill level 1 in Fighting
 13073 | D:11     | Found a frozen archway.
 13221 | IceCv    | Entered an ice cave
 14117 | IceCv    | Noticed a reaper
 14557 | D:11     | Found a staircase to the Orcish Mines.
 14564 | D:11     | Reached skill level 5 in Fighting
 14895 | D:11     | Reached *** piety under Kikubaaqudgha
 14895 | D:11     | Identified Kikubaaqudgha's Reference Book on Dark Magic (Kikubaaqudgha gifted it to you on level 11 of the Dungeon)
 14895 | D:11     | Received a gift from Kikubaaqudgha
 15188 | D:11     | Learned a level 5 spell: Borgnjor's Vile Clutch
 15605 | Lair:1   | Entered Level 1 of the Lair of Beasts
 16040 | Lair:1   | Reached XP level 12. HP: 70/70 MP: 20/30
 16162 | Lair:1   | Noticed a six-headed hydra
 16165 | Lair:1   | Killed a six-headed hydra
 17085 | Lair:2   | Reached skill level 1 in Shields
 17269 | Lair:2   | Noticed a five-headed hydra
 17275 | Lair:2   | Killed a five-headed hydra
 17741 | Lair:2   | Found a staircase to the Snake Pit.
 18323 | Lair:2   | Noticed Gastronok
 18333 | Lair:2   | Killed Gastronok
 18333 | Lair:2   | Reached skill level 10 in Necromancy
 18988 | Lair:3   | Learned a level 6 spell: Simulacrum
 18995 | Lair:3   | Learned a level 6 spell: Freezing Cloud
 19026 | Lair:3   | Reached skill level 1 in Ice Magic
 19142 | Lair:3   | Got a scintillating sapphire amulet
 19143 | Lair:3   | Identified the amulet "Hayp" {Acrobat rElec} (You found it on level 3 of the Lair of Beasts)
 19179 | Lair:3   | Noticed a seven-headed hydra
 19182 | Lair:3   | Killed a seven-headed hydra
 19759 | Lair:3   | Reached skill level 1 in Air Magic
 19863 | Lair:3   | Found a staircase to the Swamp.
 19947 | Lair:3   | Reached **** piety under Kikubaaqudgha
 20408 | Lair:4   | Reached XP level 13. HP: 78/78 MP: 24/31
 20592 | Lair:4   | Reached skill level 5 in Ice Magic
 21194 | Lair:5   | Noticed Josephine
 21198 | Lair:5   | Killed Josephine
 21357 | Lair:5   | Found a viscous altar of Jiyva.
 21357 | Lair:5   | Found a staircase to the Slime Pits.
 21367 | Lair:5   | Found a runed door.
 21398 | Lair:5   | Reached skill level 5 in Air Magic
 21465 | Lair:5   | Got a scorched quarterstaff
 21466 | Lair:5   | Identified the +5 quarterstaff of Eternal Vigilance {holy, rC+ MR+ Int+4 Dex+3} (You found it on level 5 of the Lair of Beasts)
 21898 | Lair:6   | Entered Level 6 of the Lair of Beasts
 22568 | Lair:6   | Reached ***** piety under Kikubaaqudgha
 23402 | Lair:6   | Noticed a dire elephant
 24169 | Lair:6   | Reached XP level 14. HP: 84/84 MP: 21/32
 24831 | Lair:6   | Reached skill level 10 in Ice Magic
 25012 | Lair:6   | Reached skill level 13 in Spellcasting
 25074 | Lair:6   | Found a burning altar of Makhleb.
 25201 | Lair:6   | Found a gateway to Hell.
 25217 | Lair:6   | Learned a level 6 spell: Death Channel
 25527 | Orc:1    | Entered Level 1 of the Orcish Mines
 25772 | Orc:1    | Found Ugemiluff's Food Boutique.
 26332 | Orc:2    | Entered Level 2 of the Orcish Mines
 26552 | Orc:2    | Noticed Donald
 26601 | Orc:2    | Reached skill level 14 in Spellcasting
 27633 | Orc:2    | Found a staircase to the Elven Halls.
 27936 | D:12     | Reached skill level 15 in Spellcasting
 28365 | D:12     | Got a polished shield
 28366 | D:12     | Identified the cursed -4 shield of Womm {-Cast rPois MR+++ Regen+} (You found it on level 12 of the Dungeon)
 29082 | D:13     | Found a shimmering altar of Xom.
 29102 | D:13     | Reached skill level 5 in Dodging
 30109 | D:13     | Reached skill level 16 in Spellcasting
 30209 | D:14     | Reached ****** piety under Kikubaaqudgha
 30210 | D:14     | Received a gift from Kikubaaqudgha
 30225 | D:14     | Learned a level 7 spell: Haunt
 30270 | D:14     | Identified a scroll of acquirement
 30271 | D:14     | Got a wavering lapis lazuli ring
 30272 | D:14     | Identified the ring "Afa Eqy" {MR+ Str+3 Int+3 Dex+3} (You acquired it on level 14 of the Dungeon)
 30365 | D:14     | Reached skill level 1 in Summonings
 30411 | D:14     | Found a gate to the Vaults.
 30508 | D:13     | Reached XP level 15. HP: 31/88 MP: 0/37
 31448 | D:15     | Entered Level 15 of the Dungeon
 31620 | D:14     | Reached skill level 5 in Summonings
 31839 | D:15     | Found Xolieff's Antique Weapon Emporium.
 32515 | D:15     | Reached skill level 10 in Dodging
 32891 | D:15     | Found a staircase to the Depths.
 33010 | Orc:2    | Noticed Azrael
 33016 | Orc:2    | Killed Azrael
 33148 | Orc:2    | Found Qicocuh's Antique Weapon Shoppe.
 33194 | Orc:2    | Noticed Snorg
 33199 | Orc:2    | Killed Snorg
 33261 | Orc:2    | Killed Donald
 33317 | Orc:2    | Found Ujur's Assorted Antiques.
 33317 | Orc:2    | Found Tamorako's Antique Weapon Boutique.
 33319 | Orc:2    | Found Sogaobin's General Store.
 33321 | Orc:2    | Found Atuprot's Food Shoppe.
 33325 | Orc:2    | Bought a scroll of identify for 48 gold pieces
 33328 | Orc:2    | Bought a scroll of identify for 32 gold pieces
 33328 | Orc:2    | Bought a scroll of identify for 32 gold pieces
 33747 | Elf:1    | Entered Level 1 of the Elven Halls
 34168 | Elf:1    | Reached XP level 16. HP: 75/93 MP: 5/38
 34893 | Elf:2    | Found Ygamip's Gadget Emporium.
 35003 | Elf:2    | Reached skill level 10 in Summonings
 35007 | Elf:2    | Slain by a dire flail of protection

Vault maps used:
D:1:      scummos_arrival_simple_crosswalls
D:2:      gammafunk_temple_overflow_elements,
          nicolae_ru_great_annihilating_truth
D:4:      kennysheep_small_square, uniq_robin, uniq_natasha, uniq_duvessa
D:5:      first_ration, hangedman_abyss_or_decor_lesser_grid,
          nicolae_alphabet_shops, uniq_ijyb
D:6:      chequers_temple_overflow_minitemple, serial_undead, serial_undead_b,
          serial_undead_b, serial_undead_b, serial_undead_d, serial_undead_b,
          serial_undead_b, serial_undead_d, serial_undead_b, basic_altar,
          serial_bayou_lagoon_a, tgw_trog
D:7:      minmay_temple_entry_junction_2
D:8:      dpeg_lair_monsters, basic_altar, the_bakery, nicolae_lava_and_water,
          uniq_psyche
D:9:      serial_shops, nicolae_shop_crystal, serial_park_tiny_2
D:10:     basic_altar
D:11:     orc_0_dummy, portal_ice_cave_rime
D:12:     serial_park_tiny_pond, lemuel_nasty_fountain
D:13:     basic_altar
D:14:     lightli_vaults_fourway_checkpoint
D:15:     grunt_enter_depths_magical_seal, serial_shops,
          nicolae_shop_behind_doors, item_on_display_a
Temple:   regret_index_temple_waves
Lair:2:   minmay_snake_entry_six_corridors, hangedman_lair_generics_rect,
          uniq_gastronok
Lair:3:   nicolae_swamp_entry_splash_gauntlet
Lair:5:   slime_altar_1, pf_torpor_hydra, uniq_josephine
Lair:6:   evil_forest, grunt_megastairs_2, serial_bayou_shore_a
Orc:1:    serial_shops, nicolae_shop_stone
Orc:2:    st_orc_rangers, serial_shops, shop, roderic_batcave, uniq_snorg,
          uniq_azrael, uniq_donald
Elf:1:    eino_elf_arrival_customs, hangedman_elf_disciples
Elf:2:    serial_shops, nicolae_shop_temple_entry_statues_fountains,
          minivault_13
IceCv:    ice_cave_small_demon

Skill      XL: |  1  2  3  4  5  6  7  8  9 10 11 12 13 14 15 16 |
---------------+-------------------------------------------------+-----
Earth Magic    | 4 5 6 8 9 10 | 10.0
Spellcasting   | 4 5 6 9 10 12 16 | 16.0
Conjurations   | 1 3 4 6 8 9 10 | 10.1
Armour         | 2 3 |  3.0
Necromancy     | 4 8 10 11 12 | 12.3
Charms         | 4 6 8 |  8.0
Fighting       | 6 8 |  8.0
Shields        | 4 |  4.0
Ice Magic      | 4 9 10 | 10.0
Air Magic      | 2 8 |  8.0
Dodging        | 7 11 12 | 12.0
Summonings     | 3 8 10 | 10.0
Stealth        | |  2.6
Transmutations | |  1.1

Action                   |  1- 3 |  4- 6 |  7- 9 | 10-12 | 13-15 | 16-18 || total
-------------------------+-------+-------+-------+-------+-------+-------++-------
Melee: Dagger            |    17 |       |       |       |       |       ||    17
       Whip              |    55 |    92 |    68 |    35 |    19 |       ||   269
       Quarterstaff      |       |       |       |       |    14 |       ||    14
 Cast: Sandblast         |    27 |    61 |    23 |     1 |       |       ||   112
       Stone Arrow       |       |     5 |   123 |   238 |   290 |       ||   656
       Lee's Rapid Decon |       |       |    14 |   126 |   298 |    35 ||   473
       Sublimation of Bl |       |       |       |    44 |   186 |    21 ||   251
       Regeneration      |       |       |       |    23 |    98 |     7 ||   128
       Borgnjor's Vile C |       |       |       |     4 |    15 |     8 ||    27
       Freezing Cloud    |       |       |       |       |    74 |     9 ||    83
       Simulacrum        |       |       |       |       |    20 |       ||    20
       Death Channel     |       |       |       |       |     2 |       ||     2
Invok: Receive Corpses   |       |       |       |       |     9 |       ||     9
       Receive Necronomi |       |       |       |       |     1 |       ||     1
Evoke: Wand              |       |       |       |     7 |     3 |       ||    10
  Use: Scroll            |     2 |       |    10 |    22 |    14 |     4 ||    52
       Potion            |       |     1 |       |     4 |     4 |     2 ||    11
 Stab: Sleeping          |     4 |     1 |       |       |     1 |       ||     6
       Paralysed         |     1 |       |       |       |       |       ||     1
  Eat: Chunk             |     3 |     8 |    12 |    23 |    21 |     1 ||    68
       Ration            |       |       |     2 |     3 |    12 |       ||    17
Armor: Robe              |    16 |    18 |    35 |       |    21 |     6 ||    96
       Leather armour    |       |       |     4 |    28 |    63 |       ||    95
Dodge: Dodged            |    53 |    74 |    88 |    55 |   323 |    31 ||   624
Block: Buckler           |       |       |       |    10 |    54 |       ||    64

Table legend:
 A = Spawn XP
 B = Non-spawn XP
 C = Spawn XP percentage of total XP
 D = Spawn monster count
 E = Non-spawn monster count
 F = Spawn count percentage of total count
 G = Total turns spent on level
                    A         B        C        D         E        F      G
               +---------+---------+-------+---------+---------+-------+---------
         Total |       0 |  171032 |   0.0 |       0 |     796 |   0.0 | 35007
               +---------+---------+-------+---------+---------+-------+---------
           D:1 |       0 |      24 |   0.0 |       0 |      16 |   0.0 |   641
           D:2 |       0 |      50 |   0.0 |       0 |      19 |   0.0 |   969
           D:3 |       0 |     313 |   0.0 |       0 |      42 |   0.0 |  1984
           D:4 |       0 |     847 |   0.0 |       0 |      54 |   0.0 |  1855
           D:5 |       0 |     528 |   0.0 |       0 |      17 |   0.0 |  1537
           D:6 |       0 |    2494 |   0.0 |       0 |      43 |   0.0 |  1641
           D:7 |       0 |     706 |   0.0 |       0 |      18 |   0.0 |   777
           D:8 |       0 |    3840 |   0.0 |       0 |      33 |   0.0 |  1787
           D:9 |       0 |    2375 |   0.0 |       0 |      13 |   0.0 |   790
          D:10 |       0 |    2486 |   0.0 |       0 |      21 |   0.0 |  1217
          D:11 |       0 |    3252 |   0.0 |       0 |      26 |   0.0 |  1701
          D:12 |       0 |    4808 |   0.0 |       0 |      26 |   0.0 |   816
          D:13 |       0 |   10249 |   0.0 |       0 |      37 |   0.0 |  1565
          D:14 |       0 |   12215 |   0.0 |       0 |      30 |   0.0 |  1124
          D:15 |       0 |   21928 |   0.0 |       0 |      50 |   0.0 |  1412
        Lair:1 |       0 |    3280 |   0.0 |       0 |      11 |   0.0 |  1584
        Lair:2 |       0 |    8571 |   0.0 |       0 |      29 |   0.0 |  1695
        Lair:3 |       0 |    4666 |   0.0 |       0 |      16 |   0.0 |  1184
        Lair:4 |       0 |    2402 |   0.0 |       0 |      14 |   0.0 |   718
        Lair:5 |       0 |   10415 |   0.0 |       0 |      33 |   0.0 |  2148
        Lair:6 |       0 |   20707 |   0.0 |       0 |      60 |   0.0 |  2475
         Orc:1 |       0 |    2359 |   0.0 |       0 |      17 |   0.0 |  1465
         Orc:2 |       0 |   13277 |   0.0 |       0 |      86 |   0.0 |  1320
         Elf:1 |       0 |   28868 |   0.0 |       0 |      48 |   0.0 |  1236
         Elf:2 |       0 |    6284 |   0.0 |       0 |      14 |   0.0 |    24
         IceCv |       0 |    4088 |   0.0 |       0 |      23 |   0.0 |  1298
               +---------+---------+-------+---------+---------+-------+---------
